 Dungeon Crawl Stone Soup version 0.32-a0-818-gb728d0252e (webtiles) character file.

Game seed: 5924257269273300536

3273 shadizar the Thaumaturge (level 10, -8/69 HPs)
             Began as a Djinni Air Elementalist on Mar 23, 2024.
             Was a Follower of Makhleb.
             Mangled by Gastronok (30 damage)
             ... on level 8 of the Dungeon.
             The game lasted 00:10:33 (7354 turns).

shadizar the Thaumaturge (Djinni Air Elementalist)  Turns: 7354, Time: 00:10:33

Health: -8/69      AC:  6    Str:  7    XL:     10   Next: 19%
Gold:   308        EV: 13    Int: 21    God:    Makhleb [*.....] SH:  0 Dex: 14

rFire   + + +        (no weapon)
rCold   + . .        (no shield)
rNeg    . . .        s - +2 robe {rC+ rF+}
rPois   ∞            q - +1 helmet
rElec   .            (no cloak)
rCorr   .            (no gloves)
SInv    .            (boots unavailable)
Will    +....        (no amulet)
Stlth   +++          o - ring of wizardry
HPRegen 0.31/turn    l - ring of protection from cold
MPRegen 0.00/turn

%: wizardry (x1), infuse magic (-9 HP)
@: swift, liquefying, flying, slowed, slowed movement, very slow
A: sickness immunity, fire resistance 2, cold vulnerability 1, float, innate
caster, HP casting, extra vitality 1
a: Renounce Religion


You were on level 8 of the Dungeon.
You worshipped Makhleb.
Makhleb was aware of your devotion.
You visited 2 branches of the dungeon, and saw 9 of its levels.

You collected 308 gold pieces.

Inventory:

Hand Weapons
 v - a +4 scimitar of freezing
Armour
 a - an orb of guile
 q - a +1 helmet (worn)
 s - a +2 robe of resistance (worn)
Jewellery
 j - a ring of ice
 l - a ring of protection from cold (right hand)
 o - a ring of wizardry (left hand)
Wands
 h - a wand of charming (9)
 r - a wand of flame (15)
Scrolls
 b - 5 scrolls of teleportation
 g - a scroll of poison
 m - a scroll of identify
 n - a scroll of blinking {unknown}
 p - a scroll of butterflies
 u - a scroll of fear {unknown}
 x - a scroll of brand weapon {unknown}
Potions
 c - a potion of berserk rage
 d - 6 potions of curing
 e - a potion of heal wounds
 f - a potion of resistance {unknown}
 i - a potion of cancellation
 k - 2 potions of haste
 t - a potion of ambrosia {unknown}
 w - a potion of attraction {unknown}


   Skills:
 + Level 4.9 Fighting
 + Level 6.0 Dodging
 + Level 4.9 Stealth
 + Level 8.7 Spellcasting
 + Level 8.7 Conjurations
 + Level 8.7 Hexes
   Level 0.0 Charms
 + Level 8.7 Summonings
 + Level 8.7 Necromancy
 + Level 8.7 Translocations
   Level 0.0 Transmutations
 + Level 8.7 Fire Magic
 + Level 8.7 Ice Magic
 + Level 8.7 Air Magic
 + Level 8.7 Earth Magic
 + Level 8.7 Alchemy


You knew the following spells:

 Your Spells              Type           Power      Damage    Failure   Level
a - Shock                 Conj/Air       100%       1d9       1%          1
b - Static Discharge      Conj/Air       92%        3-7/arc   1%          2
c - Swiftness             Air            46%        N/A       1%          3
d - Airstrike             Air            23%        2d(4-20)  1%          4
e - Necrotise             Necr           100%       1d9       1%          1
f - Lesser Beckoning      Tloc           92%        N/A       1%          2
g - Fugue of the Fallen   Necr           46%        N/A       1%          3
h - Leda's Liquefaction   Alch/Erth      23%        N/A       1%          4
Your spell library was empty.

Dungeon Overview and Level Annotations

Branches:
Dungeon (8/15)             Temple (1/1) D:6            Lair (0/5) D:8

Altars:
Ashenzari
Dithmenos
Elyvilon
Makhleb
Okawaru
Ru
Uskayaw
Wu Jian
Xom
The Shining One

Shops:
D:3 (   D:6 (   D:7 (   D:8 (

Annotations:
D:4 1 runed translucent door, starts1789's ghost, amateur DgCj
D:5 Edmund
D:8 Gastronok


Innate Abilities, Weirdness & Mutations

You are immune to sickness and miasma.
You are immune to poison.
Your flesh is very heat resistant. (rF++)
You are vulnerable to cold. (rC-)
You float through the air rather than walking.
You learn spells naturally, not from books.
Your magical power is your life essence.
You have superior vitality. (+4 MHP)


Message History

Confirm with . or Enter, or press ? or * to list all spells.
Aiming: Airstrike (dangerous; 1% risk of failure)
Press: ? - help, Dir - move target, f/p - Gastronok
Aim: Gastronok, wearing the +3 hat of Pondering {ponderous, Will+ MP+10 Int+5} (heavily wounded, covering ground slowly, empty space bonus: 3/8)
The air twists around and strikes Gastronok.
Gastronok is heavily wounded.
Gastronok misses you.
Unknown command.
Unknown command.
Unknown command.
Casting: Airstrike (dangerous; 1% risk of failure)
Confirm with . or Enter, or press ? or * to list all spells.
Aiming: Airstrike (dangerous; 1% risk of failure)
Press: ? - help, Dir - move target, f/p - Gastronok
Aim: Gastronok, wearing the +3 hat of Pondering {ponderous, Will+ MP+10 Int+5} (heavily wounded, covering ground slowly, empty space bonus: 3/8)
The air twists around and strikes Gastronok!
Gastronok is heavily wounded.
Unknown command.
Unknown command.
Unknown command.
Casting: Airstrike (dangerous; 1% risk of failure)
Confirm with . or Enter, or press ? or * to list all spells.
Aiming: Airstrike (dangerous; 1% risk of failure)
Press: ? - help, Dir - move target, f/p - Gastronok
Aim: Gastronok, wearing the +3 hat of Pondering {ponderous, Will+ MP+10 Int+5} (heavily wounded, covering ground slowly, empty space bonus: 3/8)
The air twists around and strikes Gastronok.
Gastronok is heavily wounded.
Gastronok chants a spell, wobbling all the while.
Gastronok puts on a burst of speed!
Casting: Airstrike (dangerous; 1% risk of failure)
Confirm with . or Enter, or press ? or * to list all spells.
Aiming: Airstrike (dangerous; 1% risk of failure)
Press: ? - help, Dir - move target, f/p - Gastronok
Aim: Gastronok, wearing the +3 hat of Pondering {ponderous, Will+ MP+10 Int+5} (heavily wounded, covering ground quickly, covering ground slowly, empty space bonus: 3/8)
The air twists around and strikes Gastronok!
Gastronok is heavily wounded.
Gastronok makes a strange noise.
Gastronok bites you!!
You die...
Gastronok gurgles, "Let's see if you taste as good as that wizard did."

#.##.###...##..#### #.##.#
###........#
#############.##.# ########†#
)))..)...).)).##.# #†#
######.........#.# #.##
#)####### #.# #Yr# #.# #.#
##Y# #.# ###.# #Y# #)# #.w@#
#.## #)# #.### #Y#. #.# #.
#... #)# #. #### #.# #. # #.#
#w # ###.# #. # #...# ..
###.##########################


You could see Gastronok (swift, struggling).

Vanquished Creatures
  Sigmund (D:5)
  Menkaure (D:5)
  2 water moccasins
  3 sky beasts
  3 orc warriors
  An ice beast (D:7)
  2 black bears (D:8)
  An ogre (D:4)
  A centaur (D:7)
  2 phantoms
  A gnoll sergeant (D:8)
  2 kobold brigands (D:7)
  3 scorpions
  3 wights (D:8)
  2 howler monkeys
  2 hounds (D:5)
  5 orc priests
  A bombardier beetle (D:7)
  A centaur zombie (D:3)
  A jelly (D:6)
  2 gnoll boudas (D:6)
  2 sleepcaps
  6 iguanas
  6 orc wizards
  A hell rat (D:8)
  12 gnolls
  7 adders
  A river rat (D:8)
  A white imp (D:6)
  2 adder skeletons (D:3)
  A ribbon worm (D:5)
  7 dart slugs
  10 orcs
  8 ball pythons
  An endoplasm (D:3)
  2 giant cockroaches (D:1)
  6 goblins
  7 hobgoblins
  4 jackals (D:1)
  2 quokkas (D:1)
  4 bats
  5 frilled lizards
  22 kobolds
  A quokka zombie (D:3)
  5 rats
163 creatures vanquished.

Notes
Turn   | Place    | Note
-------+----------+-------------------------------------------
     0 | D:1      | shadizar the Djinni Air Elementalist began the quest for
                  | the Orb.
     0 | D:1      | shadizar set off with the following spells memorised:
                  | Shock, Static Discharge, Swiftness, Airstrike.
     0 | D:1      | Reached XP level 1. HP: 15/15 MP: 0/0
    98 | D:1      | Reached XP level 2. HP: 18/21 MP: 0/0
   163 | D:1      | Reached XP level 3. HP: 13/25 MP: 0/0
   163 | D:1      | Learned a level 1 spell: Necrotise
   889 | D:2      | Reached XP level 4. HP: 31/31 MP: 0/0
  1414 | D:3      | Reached XP level 5. HP: 17/35 MP: 0/0
  1414 | D:3      | Learned a level 2 spell: Lesser Beckoning
  1749 | D:3      | Reached skill level 5 in Spellcasting
  1749 | D:3      | Reached skill level 5 in Conjurations
  1749 | D:3      | Reached skill level 5 in Hexes
  1749 | D:3      | Reached skill level 5 in Summonings
  1749 | D:3      | Reached skill level 5 in Necromancy
  1749 | D:3      | Reached skill level 5 in Translocations
  1749 | D:3      | Reached skill level 5 in Fire Magic
  1749 | D:3      | Reached skill level 5 in Ice Magic
  1749 | D:3      | Reached skill level 5 in Air Magic
  1749 | D:3      | Reached skill level 5 in Earth Magic
  1749 | D:3      | Reached skill level 5 in Alchemy
  1883 | D:3      | Found Rusonasia's Antique Weapon Shop.
  2183 | D:4      | Found a runed translucent door.
  2200 | D:4      | Reached XP level 6. HP: 35/40 MP: 0/0
  2466 | D:4      | Reached XP level 7. HP: 37/45 MP: 0/0
  2466 | D:4      | Learned a level 3 spell: Fugue of the Fallen
  2847 | D:4      | Noticed starts1789's ghost (amateur DgCj)
  2921 | D:5      | Entered Level 5 of the Dungeon
  3169 | D:5      | Noticed Menkaure
  3173 | D:5      | Killed Menkaure
  3174 | D:5      | Reached XP level 8. HP: 21/51 MP: 0/0
  3401 | D:5      | Reached skill level 1 in Fighting
  3568 | D:5      | Noticed Sigmund
  3572 | D:5      | Killed Sigmund
  3573 | D:5      | Noticed Edmund
  4147 | D:6      | Found a white marble altar of Elyvilon.
  4222 | D:6      | Reached XP level 9. HP: 40/59 MP: 0/0
  4222 | D:6      | Learned a level 4 spell: Leda's Liquefaction
  4297 | D:6      | Found Ziono's Antique Weapon Shoppe.
  4303 | D:6      | Found a staircase to the Ecumenical Temple.
  4313 | Temple   | Entered the Ecumenical Temple
  4327 | Temple   | Became a worshipper of Makhleb the Destroyer
  4598 | D:6      | Found a broken altar of Ashenzari.
  4606 | D:6      | Found a faded altar of an unknown god.
  4608 | D:6      | Found an ornate altar of the Wu Jian Council.
  4610 | D:6      | Found a faded altar of an unknown god.
  4989 | D:6      | Found a hide-covered altar of Uskayaw.
  5474 | D:7      | Found Dikoel's Weapon Shoppe.
  5966 | D:7      | Reached skill level 5 in Dodging
  6301 | D:7      | Reached * piety under Makhleb
  6648 | D:8      | Reached XP level 10. HP: 19/69 MP: 0/0
  7054 | D:8      | Found Voinivod's Antique Weapon Shoppe.
  7102 | D:8      | Noticed a death yak
  7253 | D:8      | Found a staircase to the Lair.
  7336 | D:8      | Noticed Gastronok
  7354 | D:8      | Mangled by Gastronok

Illustrated notes

Levels and vault maps discovered:
D:1:      dpeg_arrival_tiny_i, layout_basic, columned_hall_lemuel
D:2:      layout_loops_ring
D:3:      layout_basic, mainiacjoe_overflow_alcove_1, serial_undead,
          serial_undead_d, serial_undead_a, serial_undead_f, serial_undead_a,
          serial_undead_f, serial_undead_f, serial_shops, shop, nrook_campfire,
          lexackson_kobold_supper
D:4:      layout_rooms, ebering_ghost_sewer_d
D:5:      layout_basic, uniq_menkaure, uniq_edmund, uniq_sigmund
D:6:      layout_loops_ring, mainiacjoe_overflow_six_doors_small,
          mainiacjoe_overflow_alcove_2, chequers_temple_overflow_minitemple,
          temple_statues, serial_shops, nicolae_stop_n_shop_2,
          amcnicky_mini_pool_small, hangedman_abyss_or_decor_lesser_grid
D:7:      layout_loops_ring, serial_shops, shop
D:8:      layout_basic, dpeg_lair_monsters, serial_shops, shop_fountains,
          uniq_gastronok
Temple:   nicolae_temple_ecumenical_triangle

Skill      XL: |  1  2  3  4  5  6  7  8  9 10 |
---------------+-------------------------------+-----
Spellcasting   | 4 5 6 7 8 |  8.7
Conjurations   | 4 5 6 7 8 |  8.7
Hexes          | 4 5 6 7 8 |  8.7
Summonings     | 4 5 6 7 8 |  8.7
Necromancy     | 4 5 6 7 8 |  8.7
Translocations | 4 5 6 7 8 |  8.7
Fire Magic     | 4 5 6 7 8 |  8.7
Ice Magic      | 4 5 6 7 8 |  8.7
Air Magic      | 4 5 6 7 8 |  8.7
Earth Magic    | 4 5 6 7 8 |  8.7
Alchemy        | 4 5 6 7 8 |  8.7
Fighting       | 2 4 |  4.9
Stealth        | 3 4 |  4.9
Dodging        | 3 5 6 |  6.0

Action                     |  1- 3 |  4- 6 |  7- 9 | 10-12 || total
---------------------------+-------+-------+-------+-------++-------
   Cast: Shock             |    70 |   107 |   203 |    22 ||   402
         Airstrike         |       |     1 |    68 |    37 ||   106
         Leda's Liquefacti |       |       |     1 |     3 ||     4
         Swiftness         |       |       |       |     1 ||     1
    Use: Scroll            |       |       |    14 |     1 ||    15
         Potion            |       |       |       |     1 ||     1
 Armour: Robe              |     1 |    20 |    33 |    11 ||    65
  Dodge: Dodged            |     2 |    11 |    34 |     8 ||    55

Table legend: (Time is in decaauts)
 A = Elapsed time spent in this place.
 B = Non-inter-level travel time spent in this place.
 C = Inter-level travel time spent in this place.
 D = Time resting spent in this place.
 E = Time spent auto-exploring this place.
 F = Levels seen in this place.
 G = Mean time per level.
                   A        B        C        D        E       F      G
               +--------+--------+--------+--------+--------+-----+--------+
         Total |   7377 |   7247 |    130 |      0 |   6077 |   9 |  819.7 |
       Dungeon |   7341 |   7211 |    130 |      0 |   6077 |   8 |  917.6 |
        Temple |     35 |     35 |      0 |      0 |      0 |   1 |   35.0 |
               +--------+--------+--------+--------+--------+-----+--------+

Top non-repeatable levels by time:
     D:6: 1457 daAuts
     D:7: 1285 daAuts
     D:5: 873 daAuts
     D:4: 838 daAuts
     D:3: 826 daAuts
     D:1: 805 daAuts
     D:8: 688 daAuts
     D:2: 566 daAuts
  Temple: 35 daAuts
